 Dungeon Crawl Stone Soup version 0.23-a0-275-g0cf4261 (webtiles) character file.

4285 Amnesiac the Geomancer (level 10, -1/81 HPs)
             Began as a Troll Earth Elementalist on Oct 2, 2018.
             Was a Follower of Vehumet.
             Slain by a manticore (6 damage)
             ... on level 8 of the Dungeon.
             The game lasted 00:15:43 (7540 turns).

Amnesiac the Geomancer (Troll Earth Elementalist)   Turns: 7540, Time: 00:15:44

Health: -1/81      AC:  9    Str: 18    XL:     10   Next: 10%
Magic:  2/25       EV: 12    Int: 14    God:    Vehumet [*.....]
Gold:   502        SH:  0    Dex: 10    Spells: 6/18 levels left

rFire    . . .     SeeInvis .   a - +2 dagger (venom)
rCold    . . .     Gourm    +   (no shield)
rNeg     . . .     Faith    .   c - +1 robe
rPois    +         Spirit   .   (helmet restricted)
rElec    .         Reflect  .   i - +2 cloak
rCorr    .         Harm     .   (gloves unavailable)
MR       .....                  (boots unavailable)
Stlth    +.........             r - amulet of the acrobat
HPRegen  0.63/turn              n - ring of magical power
MPRegen  0.19/turn              y - ring of poison resistance

@: flying, very slightly contaminated
A: large, unfitting armour, claws 3, fast metabolism 3, gourmand, regeneration
1, shaggy fur 1, tough skin 2
a: Renounce Religion


You were on level 8 of the Dungeon.
You worshipped Vehumet.
Vehumet was aware of your devotion.
You were very full.

You visited 2 branches of the dungeon, and saw 9 of its levels.

You collected 502 gold pieces.

Inventory:

Hand Weapons
 a - a +2 dagger of venom (weapon)
 b - the +5 short sword of Offence {pierce, +Blink rC+ Dex-2 SInv}
   (You found it on level 4 of the Dungeon)

   It inflicts extra damage upon your enemies.
   It affects your dexterity (-2).
   It protects you from cold.
   It lets you see invisible.
   It lets you blink.
 q - the +2 falchion of the Jolly Stories {holy, rC++ Dex-2}
   (You found it on level 6 of the Dungeon)

   It has been blessed by the Shining One to cause great damage to the undead
   and demons.
   It affects your dexterity (-2).
   It greatly protects you from cold.
Missiles
 m - 103 stones (quivered)
Armour
 c - a +1 robe (worn)
 i - a +2 cloak (worn)
 l - a scarf of cloud immunity
Magical Staves
 p - an uncursed staff of fire
Jewellery
 n - a ring of magical power (left claw)
 r - an amulet of the acrobat (around neck)
 t - an uncursed ring of flight
 v - an uncursed ring of positive energy
 y - a ring of poison resistance (right claw)
Wands
 f - a wand of polymorph (13)
Scrolls
 e - 5 scrolls of fear {!r}
 g - a scroll of amnesia {!r}
 k - 2 scrolls of teleportation {!r}
 o - a scroll of magic mapping {!r}
 s - a scroll of fog {!r}
Potions
 j - 3 potions of curing {!q}
 u - a potion of brilliance {!q}
 x - a potion of might {!q}
Comestibles
 d - 10 rations
 w - 11 chunks of flesh


   Skills:
 + Level 0.0 Fighting
 - Level 6.0 Dodging
 - Level 1.0 Stealth
 + Level 4.9 Spellcasting
 - Level 0.6 Transmutations
 * Level 10.1 Earth Magic


You had 6 spell levels left.
You knew the following spells:

 Your Spells              Type           Power        Failure   Level  Hunger
a - Sandblast             Erth           ####..       1%          1    None
b - Passwall              Tmut/Erth      ###.....     3%          2    ##.....
d - Lee's Rapid Deconstr  Erth           ####......   8%          5    ######.
e - Petrify               Tmut/Erth      ###.....     19%         4    ####...

Your spell library contained the following spells:

 Spells                   Type           Power        Failure   Level  Hunger
 Sting                    Conj/Pois      #...         19%         1    None
 Stone Arrow              Conj/Erth      ###...       7%          3    ###....
 Freeze                   Ice            #...         19%         1    None
 Throw Frost              Conj/Ice       #.....       26%         2    ##.....
 Ozocubu's Armour         Chrm/Ice       #.......     47%         3    ###....
 Summon Ice Beast         Ice/Summ       #.......     87%         4    ####...
 Throw Icicle             Conj/Ice       #.......     87%         4    ####...


Dungeon Overview and Level Annotations

Branches:
Dungeon (8/15)             Temple (1/1) D:5
   Lair: D:8-11

Altars:
Ashenzari
Cheibriados
Dithmenos
Elyvilon
Fedhas
Gozag
Hepliaklqana
Makhleb
Nemelex Xobeh
Okawaru
Ru
Sif Muna
Uskayaw
Vehumet
Wu Jian
Xom
Yredelemnul
Zin
The Shining One

Shops:
D:4 %


Innate Abilities, Weirdness & Mutations

You are too large for most types of armour.
You have claws for hands.
Your metabolism is lightning-fast.
You like to eat raw meat.
Your natural rate of healing is unusually fast.
You are covered in fur. (AC +1)
You have very tough skin. (AC +2)


Message History

Evoke which item? (* to show all) (? for menu, Esc to quit)
Okay, then.
The manticore flicks its tail.
The volley of spikes misses you.
The manticore flicks its tail.
The volley of spikes hits you!
The barbed spikes become lodged in your body.
Really read
z - a scroll of identify {!r}?
As you read the scroll of identify {!r}, it crumbles to dust.
u - a potion of brilliance {!q} Really quaff
h - a smoky purple potion {!q}?
It was a potion of flight {!q}.
You feel very buoyant.
You fly up into the air.
The manticore flicks its tail.
The volley of spikes misses you.
Casting: Lee's Rapid Deconstruction (safe; 8% risk of failure)
Confirm with . or Enter, or press ? or * to list all spells.
You don't have enough magic to cast that spell.
Unknown command.
Casting: Lee's Rapid Deconstruction (safe; 8% risk of failure)
Confirm with . or Enter, or press ? or * to list all spells.
You don't have enough magic to cast that spell.
Unknown command.
You hit the manticore but do no damage.
The manticore is poisoned.
The manticore is heavily wounded.
The manticore bites you! The manticore misses you.
The manticore barely misses you.
You hit the manticore but do no damage.
The manticore looks even sicker.
The manticore is heavily wounded.
The manticore bites you but does no damage.
The manticore claws you but does no damage.
The manticore claws you.
You hit the manticore but do no damage.
The manticore looks as sick as possible!
The manticore is heavily wounded.
The manticore bites you. The manticore claws you!
The manticore closely misses you.
You hit the manticore but do no damage.
The manticore is severely wounded.
You carefully extract the barbed spikes from your body.
The manticore bites you!
* * * LOW HITPOINT WARNING * * *
The manticore claws you but does no damage.
The manticore claws you.
* * * LOW HITPOINT WARNING * * *
Casting: Lee's Rapid Deconstruction (safe; 8% risk of failure)
Confirm with . or Enter, or press ? or * to list all spells.
Aiming: Sandblast (safe; 1% risk of failure)
Press: ? - help, Shift-Dir - straight line, f - manticore
Aim: a manticore (severely wounded, poisoned)
The blast of sand hits the manticore.
The manticore is severely wounded.
m - 103 stones The manticore bites you!
* * * LOW HITPOINT WARNING * * *
The manticore misses you. The manticore claws you.
* * * LOW HITPOINT WARNING * * *
Unknown command.
Really quaff
A - a potion of heal wounds {!q}?
You feel much better. The manticore bites you!!
* * * LOW HITPOINT WARNING * * *
The manticore claws you.
You die...

##################
#...H@....)......#
#.##############.#
#.# #.# #.# #.#
######.# #.#
#.####......# #.#
.........####
######### #.#
#......#.#
........# #.#
#......#.#
........# #.#


You could see a manticore.

Vanquished Creatures
  A centaur warrior (D:7)
  A centaur skeleton (D:7)
  A kobold demonologist (D:7)
  A troll (D:7)
  Grinder (D:3)
  A hippogriff (D:7)
  A hungry ghost (D:8)
  Menkaure (D:6)
  A black bear (D:8)
  A sky beast (D:6)
  A hornet zombie (D:6)
  5 orc warriors
  A necrophage (D:7)
  3 centaurs
  2 bullfrogs
  A gnoll sergeant (D:4)
  2 howler monkeys
  2 crimson imps
  3 hounds
  2 jellies
  3 orc priests
  A bullfrog skeleton (D:7)
  Crazy Yiuf (D:2)
  4 orc wizards
  Jessica (D:2)
  Terence (D:3)
  An iguana (D:6)
  5 worker ants
  A hound zombie (D:5)
  5 gnolls (D:4)
  5 adders
  2 shadow imps (D:5)
  4 oozes
  An adder skeleton (D:4)
  5 worms
  7 leopard geckos
  22 orcs
  A ball python (D:5)
  7 bats
  2 giant cockroaches
  11 hobgoblins
  10 jackals
  4 quokkas
  5 frilled lizards
  6 goblins
  7 kobolds
  6 rats
  A butterfly (D:5)
161 creatures vanquished.

Vanquished Creatures (others)
  2 jackals (D:3)
  A quokka (D:3)
3 creatures vanquished.

Grand Total: 164 creatures vanquished

Notes
Turn   | Place    | Note
-------+----------+-------------------------------------------
     0 | D:1      | Amnesiac the Troll Earth Elementalist began the quest for
                  | the Orb.
     0 | D:1      | Reached XP level 1. HP: 16/16 MP: 1/1
    26 | D:1      | Reached skill level 3 in Earth Magic
   133 | D:1      | Reached XP level 2. HP: 22/24 MP: 3/3
   146 | D:1      | Learned a level 2 spell: Passwall
   225 | D:3      | Noticed Grinder
   375 | D:2      | Reached XP level 3. HP: 30/31 MP: 4/4
   419 | D:2      | Noticed Jessica
   420 | D:2      | Killed Jessica
   432 | D:2      | Found a shimmering altar of Xom.
   564 | D:3      | Reached skill level 4 in Earth Magic
   564 | D:3      | Reached XP level 4. HP: 39/39 MP: 5/5
   628 | D:4      | Found a hazy altar of Hepliaklqana.
   687 | D:4      | Found Amiutret's Food Emporium.
   748 | D:4      | Reached XP level 5. HP: 22/45 MP: 5/7
   896 | D:4      | Got an iridescent short sword
   897 | D:4      | Identified the +5 short sword of Offence {pierce, +Blink
                  | rC+ Dex-2 SInv} (You found it on level 4 of the Dungeon)
  1407 | D:5      | Entered Level 5 of the Dungeon
  1407 | D:5      | Found a staircase to the Ecumenical Temple.
  1413 | Temple   | Entered the Ecumenical Temple
  1782 | D:5      | Reached skill level 5 in Earth Magic
  1789 | D:5      | Noticed a centaur
  1797 | D:5      | Reached XP level 6. HP: 53/53 MP: 3/8
  2220 | D:5      | Noticed an orc warrior
  2224 | D:5      | Reached XP level 7. HP: 59/59 MP: 4/10
  2270 | D:5      | Learned a level 4 spell: Petrify
  2336 | D:5      | Found an opulent altar of Gozag.
  3046 | D:2      | Found a runed door.
  3311 | D:2      | Noticed Crazy Yiuf
  3316 | D:2      | Killed Crazy Yiuf
  3316 | D:2      | Reached skill level 6 in Earth Magic
  3360 | D:3      | Found a white marble altar of Elyvilon.
  3387 | D:3      | Killed Grinder
  3621 | D:3      | Noticed Terence
  3628 | D:3      | Killed Terence
  4092 | D:6      | Reached XP level 8. HP: 56/67 MP: 6/11
  4103 | D:6      | Got an ivory mace
  4104 | D:6      | Identified the +2 mace "Relikhlao" {protect, rC+} (You
                  | found it on level 6 of the Dungeon)
  4203 | D:6      | Noticed Menkaure
  4212 | D:6      | Killed Menkaure
  4212 | D:6      | Reached skill level 7 in Earth Magic
  4234 | D:6      | Learned a level 5 spell: Lee's Rapid Deconstruction
  4636 | D:6      | Got an ancient falchion
  5108 | D:7      | Reached skill level 8 in Earth Magic
  5182 | D:7      | Found a deep blue altar of Sif Muna.
  5284 | D:7      | Noticed a troll
  5294 | D:7      | Killed a troll
  5294 | D:7      | Reached XP level 9. HP: 46/74 MP: 1/14
  5549 | D:7      | Found a transporter.
  5549 | D:7      | Found a radiant altar of Vehumet.
  5549 | D:7      | Noticed a centaur warrior
  5549 | D:7      | Noticed a kobold demonologist
  5567 | D:7      | Found a transporter.
  5589 | D:7      | Noticed a smoke demon
  5591 | D:7      | Noticed an ice devil
  5593 | D:7      | Noticed a red devil
  5603 | D:7      | Killed a kobold demonologist
  5614 | D:7      | Killed a centaur warrior
  5614 | D:7      | Reached skill level 5 in Dodging
  5614 | D:7      | Reached skill level 9 in Earth Magic
  5762 | D:7      | Became a worshipper of Vehumet
  5764 | D:7      | Identified the +2 falchion of the Jolly Stories {holy, rC++
                  | Dex-2} (You found it on level 6 of the Dungeon)
  5808 | D:7      | Found a snail-covered altar of Cheibriados.
  7070 | D:4      | Reached XP level 10. HP: 81/81 MP: 5/16
  7081 | D:4      | Reached skill level 10 in Earth Magic
  7261 | D:8      | Found a glowing golden altar of the Shining One.
  7266 | D:8      | Reached * piety under Vehumet
  7266 | D:8      | Offered knowledge of Sting by Vehumet.
  7505 | D:8      | Noticed a manticore
  7539 | D:8      | HP: 3/81 [manticore (5)]
  7540 | D:8      | Slain by a manticore

Vault maps used:
D:1:      lemuel_arrival_tunnels
D:2:      nicolae_overflow_crystal_walls, uniq_crazy_yiuf_cottage, uniq_jessica
D:3:      elyvilon_altar_4, grunt_decor_cap, uniq_grinder, uniq_terence
D:4:      lemuel_doored_altar, serial_shops, shop, lightli_minifort
D:5:      kennysheep_big_flooded_room, kennysheep_mini,
          minmay_temple_entry_butterflies, first_ration
D:6:      uniq_menkaure
D:7:      gammafunk_temple_overflow_arena, cheibrodos_worm_habitat,
          overflow_temple_1_default
D:8:      nicolae_tso_carved_into_rock, kennysheep_vampire_church
Temple:   minmay_temple_curvy_loop

Skill      XL: |  1  2  3  4  5  6  7  8  9 10 |
---------------+-------------------------------+-----
Earth Magic    | 3 4 5 6 8 9 10 | 10.1
Spellcasting   | 2 3 4 |  4.9
Dodging        | 2 3 4 5 6 |  6.0
Stealth        | |  1.0
Transmutations | |  0.6

Action                   |  1- 3 |  4- 6 |  7- 9 | 10-12 || total
-------------------------+-------+-------+-------+-------++-------
Melee: Unarmed           |    80 |    53 |       |       ||   133
       Short sword       |       |    34 |   220 |    24 ||   278
       Dagger            |       |       |       |    16 ||    16
 Cast: Sandblast         |     2 |    34 |   108 |     2 ||   146
       Passwall          |       |       |     5 |       ||     5
       Petrify           |       |       |     6 |     2 ||     8
       Lee's Rapid Decon |       |       |     7 |    10 ||    17
Evoke: Wand              |       |       |     2 |       ||     2
  Use: Scroll            |       |       |    15 |     2 ||    17
       Potion            |       |       |     7 |     2 ||     9
 Stab: Sleeping          |     2 |       |     1 |       ||     3
       Petrified         |       |       |    12 |    12 ||    24
       Petrifying        |       |       |     1 |       ||     1
  Eat: Chunk             |     8 |    18 |    49 |     9 ||    84
Armor: Robe              |    32 |    41 |    79 |     3 ||   155
       Skin              |       |       |    69 |       ||    69
Dodge: Dodged            |    44 |    50 |   170 |    15 ||   279

Table legend:
 A = Non-vault XP
 B = Vault XP
 C = Vault XP percentage of total XP
 D = Non-vault monster count
 E = Vault monster count
 F = Vault count percentage of total count
                 A         B        C        D         E       F
            +---------+---------+-------+---------+---------+-------
      Total |    3835 |    2287 |  37.4 |     143 |      17 |  10.6
            +---------+---------+-------+---------+---------+-------
        D:1 |      54 |       0 |   0.0 |      25 |       0 |   0.0
        D:2 |      81 |      77 |  48.7 |      22 |       2 |   8.3
        D:3 |      98 |     303 |  75.6 |      23 |       2 |   8.0
        D:4 |      99 |     157 |  61.3 |      11 |       6 |  35.3
        D:5 |     515 |     278 |  35.1 |      12 |       2 |  14.3
        D:6 |     853 |     154 |  15.3 |      20 |       1 |   4.8
        D:7 |    1635 |    1318 |  44.6 |      23 |       4 |  14.8
        D:8 |     500 |       0 |   0.0 |       7 |       0 |   0.0
            +---------+---------+-------+---------+---------+-------
